 Dungeon Crawl Stone Soup version 0.29.1-1-gd02db6906a (webtiles) character file.

Game seed: 6896137809485722948

338 Ashen the Chiller (level 6, 43/43 HPs)
             Began as a Demonspawn Ice Elementalist on Sept 27, 2022.
             Was an Initiate of Vehumet.
             Got out of the dungeon alive.
             The game lasted 00:07:12 (5032 turns).

Ashen the Chiller (Demonspawn Ice Elementalist)     Turns: 5032, Time: 00:07:12

Health: 43/43      AC:  4    Str:  9    XL:     6   Next: 29%
Magic:  11/11      EV: 13    Int: 18    God:    Vehumet [......]
Gold:   230        SH:  0    Dex: 13    Spells: 5/12 levels left

rFire   . . .      SeeInvis .   c - +0 short sword
rCold   + . .      Faith    .   (no shield)
rNeg    . . .      Spirit   .   a - +0 robe
rPois   .          Reflect  .   (no helmet)
rElec   .          Harm     .   t - +0 cloak
rCorr   .          Rampage  .   (no gloves)
Will    .....                   k - +0 pair of boots
Stlth   ++........              (no amulet)
HPRegen 0.14/turn               j - ring of protection from cold
MPRegen 0.12/turn               (no ring)

@: no status effects
A: demonic guardian 1, powered by death 1, weakness stinger 1
a: Renounce Religion


You escaped.
You worshipped Vehumet.
Vehumet was noncommittal.
You visited 2 branches of the dungeon, and saw 5 of its levels.

You collected 230 gold pieces.

Inventory:

Hand Weapons
 c - a +0 short sword (weapon)
Missiles
 q - 8 poisoned darts
Armour
 a - a +0 robe (worn)
 k - a +0 pair of boots (worn)
 p - a +0 buckler
 t - a +0 cloak (worn)
Jewellery
 j - a ring of protection from cold (left hand)
 x - a ring of magical power
Wands
 v - a wand of acid (6)
Scrolls
 d - a scroll of noise {unknown}
 e - a scroll of summoning {unknown}
 g - 2 scrolls of vulnerability {unknown}
 i - 3 scrolls of amnesia {unknown}
 l - a scroll of enchant armour {unknown}
 n - 3 scrolls of teleportation {unknown}
 o - 2 scrolls of butterflies {unknown}
 r - a scroll of silence {unknown}
 y - a scroll of identify {unknown}
Potions
 b - 2 potions of magic
 f - a potion of degeneration {unknown}
 h - a potion of heal wounds
 m - 2 potions of curing {unknown}
 s - 2 potions of haste {unknown}
 u - 4 potions of mutation {unknown}
 w - a potion of invisibility {unknown}
 z - a potion of ambrosia {unknown}
 A - a potion of flight {unknown}
 B - 2 potions of brilliance {unknown}


   Skills:
 + Level 1.2 Fighting
 + Level 3.1 Dodging
 + Level 3.2 Stealth
 * Level 3.6 Spellcasting
 * Level 4.7 Ice Magic


You had 5 spell levels left.
You knew the following spells:

 Your Spells              Type           Power      Damage    Failure   Level
a - Freeze                Ice            80%        1d9       2%          1
b - Frozen Ramparts       Ice            40%        1d7       7%          3
c - Ozocubu's Armour      Ice            20%        N/A       7%          3

Your spell library contained the following spells:

 Spells                   Type           Power      Damage    Failure   Level
 Blink                    Tloc           6%         N/A       24%         2
 Lesser Beckoning         Tloc           3%         N/A       43%         3
 Hailstorm                Conj/Ice       11%        3d5       50%         4
 Manifold Assault         Tloc           3%         N/A       99%         5


Dungeon Overview and Level Annotations

Branches:
Dungeon (4/15)             Temple (1/1) D:4

Altars:
Ashenzari
Cheibriados
Dithmenos
Fedhas
Gozag
Hepliaklqana
Kikubaaqudgha
Makhleb
Nemelex Xobeh
Okawaru
Qazlal
Ru
Vehumet
Wu Jian
Xom
Yredelemnul

Annotations:
D:3 Grinder
D:4 1 runed translucent door, diceflayer's ghost, amateur DsFi


Innate Abilities, Weirdness & Mutations

A weak demonic guardian rushes to your aid.
You regenerate a little health from kills.
You have a small tail.


Message History

Okay, then.
You closely miss Natasha. Natasha closely misses you.
Casting: Freeze (safe; 2% risk of failure)
Confirm with . or Enter, or press ? or * to list all spells.
Aiming: Freeze (safe; 2% risk of failure)
Press: ? - help, Shift-Dir - straight line, f - Natasha
Aim: Natasha You freeze Natasha!
Natasha is severely wounded.
Natasha casts a spell at you. The magic dart hits you.
Casting: Freeze (safe; 2% risk of failure)
Confirm with . or Enter, or press ? or * to list all spells.
Aiming: Freeze (safe; 2% risk of failure)
Press: ? - help, Shift-Dir - straight line, f/p - Natasha
Aim: Natasha (severely wounded)
You freeze Natasha.
You kill Natasha!
Vehumet accepts your kill.
You feel Natasha's spirit has finally been put to rest.
m - 2 emerald potions (gained 1)
The adder hisses angrily. x2
Could not explore, unopened runed door.
Could not explore, unopened runed door.
(D) Dungeon (T) Temple
Where to? (Enter - Temple @ (x,y), ? - help)
What level of the Dungeon? (default 1, ? - help)
There is a stone staircase leading up here.
You climb upwards.
Level annotation: Grinder
There is a stone staircase leading down here.
There is a stone staircase leading up here.
You climb upwards.
There is a stone staircase leading down here.
There is a stone staircase leading up here.
You climb upwards.
There is a stone staircase leading down here.
There is a staircase leading out of the dungeon here.
Are you sure you want to leave the Dungeon?
This will make you lose the game!
You have escaped!

#######..########..........
#.................#########
#.##..#.#>##..##..#
#.....##.###......######
#.##.##### ##.##.......# #
#.>### ###>.#.....# #
#.##.## #####.##.#.....# #
#..†..###.##.....#.....# #
#.##..##>#@#..##.#.....####
#................#.....>...
########.......).......####
############....# #. #....#
#. #....# #. #....# #.
#....# #. ###### #.


There were no monsters in sight!

Vanquished Creatures
  A necrophage (D:4)
  Natasha (thrice) (D:4)
  An orc wizard (D:4)
  3 gnolls (D:2)
  5 adders
  3 worms
  A dart slug (D:1)
  3 orcs
  3 bats (D:1)
  10 endoplasms
  3 giant cockroaches (D:1)
  8 goblins
  7 hobgoblins
  14 jackals
  2 kobolds
  3 quokkas
  6 ball pythons
  A frilled lizard (D:1)
  9 rats
86 creatures vanquished.

Notes
Turn   | Place    | Note
-------+----------+-------------------------------------------
     0 | D:1      | Ashen the Demonspawn Ice Elementalist began the quest for
                  | the Orb.
     0 | D:1      | Reached XP level 1. HP: 13/13 MP: 3/3
   248 | D:1      | Gained mutation: You regenerate a little health from kills.
                  | [demonic ancestry]
   248 | D:1      | Reached XP level 2. HP: 5/19 MP: 0/5
   951 | D:1      | Reached XP level 3. HP: 18/24 MP: 2/6
  1400 | D:2      | Reached skill level 4 in Ice Magic
  1447 | D:2      | Reached XP level 4. HP: 28/30 MP: 0/7
  1700 | D:3      | Found an opulent altar of Gozag.
  2272 | D:3      | Noticed Grinder
  2362 | D:3      | Learned a level 3 spell: Frozen Ramparts
  2366 | D:3      | Learned a level 3 spell: Ozocubu's Armour
  2599 | D:3      | Found a sparkling altar of Nemelex Xobeh.
  2599 | D:3      | Found a stormy altar of Qazlal.
  2986 | D:2      | Gained mutation: You have a small tail. [demonic ancestry]
  2986 | D:2      | Reached XP level 5. HP: 6/35 MP: 3/9
  3573 | D:4      | Found a runed translucent door.
  3577 | D:4      | Noticed diceflayer's ghost (amateur DsFi)
  3682 | D:4      | Found a staircase to the Ecumenical Temple.
  3703 | Temple   | Entered the Ecumenical Temple
  3847 | Temple   | Became a worshipper of Vehumet
  3922 | D:4      | Reached skill level 1 in Fighting
  4435 | D:4      | Noticed Natasha
  4442 | D:4      | Killed Natasha
  4443 | D:4      | Gained mutation: A weak demonic guardian rushes to your
                  | aid. [demonic ancestry]
  4443 | D:4      | Reached XP level 6. HP: 30/43 MP: 7/11
  4571 | D:4      | Identified the +2 leather armour "Ijeluipu" {rPois rF-
                  | Int-2 Dex+4}
  4584 | D:4      | Noticed Natasha
  4590 | D:4      | Killed Natasha
  4872 | D:4      | Noticed Natasha
  4882 | D:4      | Killed Natasha
  5032 | D:$      | Got out of the dungeon alive.

Illustrated notes

Levels and vault maps discovered:
D:1:      onia_arrival_handbag, layout_basic
D:2:      layout_basic, kennysheep_potato
D:3:      layout_basic, mainiacjoe_overflow_tiny_flanked,
          gammafunk_temple_overflow_forgotten, serial_park_tiny_pond,
          uniq_grinder
D:4:      layout_layer_cave, zin_treasury, minmay_temple_entry_mini_moons,
          ebering_ghost_sewer_d, chequers_decorated_corner, uniq_natasha
Temple:   nicolae_temple_two_arcs

Skill      XL: |  1  2  3  4  5 |
---------------+----------------+-----
Stealth        | 2 3 |  3.2
Dodging        | 2 3 |  3.1
Ice Magic      | 4 |  4.7
Spellcasting   | 3 |  3.6
Fighting       | 1 |  1.2

Action                   |  1- 3 |  4- 6 || total
-------------------------+-------+-------++-------
Melee: Unarmed           |     4 |       ||     4
       Short sword       |    35 |    65 ||   100
       Punch             |       |     2 ||     2
       Tailslap          |       |     5 ||     5
 Cast: Freeze            |    50 |    65 ||   115
       Frozen Ramparts   |       |     3 ||     3
       Ozocubu's Armour  |       |     1 ||     1
  Use: Potion            |     1 |       ||     1
 Stab: Sleeping          |     2 |     1 ||     3
Armor: Robe              |    24 |    30 ||    54
Dodge: Dodged            |    69 |    80 ||   149
